 Dungeon Crawl Stone Soup version 0.16-a0-3178-g2c88c44 (webtiles) character file.

19 RobertPalmer the Charlatan (level 2, -1/18 HPs)
             Began as an Octopode Artificer on Dec 17, 2014.
             Slain by a hobgoblin (4 damage)
             ... on level 1 of the Dungeon.
             The game lasted 00:00:57 (386 turns).

RobertPalmer the Charlatan (Octopode Artificer)      Turns: 386, Time: 00:00:57

Health: -1/18      AC:  1    Str: 10    XL:     2   Next: 75%
Magic:  3/3        EV: 12    Int: 14    God:
Gold:   59         SH:  0    Dex: 12    Spells: 0 memorised, 1 level left

rFire  . . .     SeeInvis .     a - +0 short sword
rCold  . . .     Clarity  .     (no shield)
rNeg   . . .     SustAb   .     (helmet restricted)
rPois  .         Gourm    .     (no amulet)
rElec  .         Spirit   .     (no ring)
rCorr  .         Warding  .     (no ring)
rMut   .         Stasis   .     (no ring)
MR     .....                    (no ring)
Stlth  +++.......               (no ring)
                                (no ring)
                                (no ring)
                                (no ring)

@: not resistant to hostile enchantments, fairly stealthy
A: almost no armour, amphibious, 8 rings, constrict 8, camouflage 1, gelatinous
body 1
a: no special abilities


You were on level 1 of the Dungeon.
You were not hungry.

You visited 1 branch of the dungeon, and saw 1 of its levels.

You collected 59 gold pieces.


Innate Abilities, Weirdness & Mutations

You cannot wear most types of armour.
You are amphibious.
You can wear up to eight rings at the same time.
You can use your tentacles to constrict many enemies at once.
Your skin changes colour to match your surroundings (Stealth).
Your rubbery body absorbs attacks (AC +1).


   Skills:
 - Level 1.0 Fighting
 - Level 1.0 Short Blades
 - Level 2.0 Dodging
 - Level 1.3 Stealth
 + Level 4.5 Evocations


You had one spell level left.
You didn't know any spells.

Inventory:

Hand weapons
 a - a +0 short sword (weapon)
 m - a +1 hand axe of venom
Jewellery
 j - an uncursed amulet of faith {unknown}
Magical devices
 b - a wand of flame (15)
 c - a wand of enslavement (15)
 d - a wand of random effects (15)
Potions
 g - a potion of might {unknown}
 h - 2 potions of flight {unknown}
 l - a potion of degeneration {unknown}
Comestibles
 f - 2 bread rations

Dungeon Overview and Level Annotations

Branches:
Dungeon (1/15)

Altars:

####.#.#....###.####..#
.....#.#..............##
#.#.##.#...............#
.....#.#.............#.###
#....#÷#...................
######.#.........[.......?.
.......#....###............
.......[.......)†#..........
.........##....†x##hh....##
.........##....)g##..g...##
.........##......##.......#
+##########......##h....#.#
#......'+.....# .
#......##........
######.###....... #.# .g....
#.# .....


You could see a hobgoblin.


Message History

You hit the hobgoblin. You grab the hobgoblin.
The hobgoblin is moderately wounded.
The jackal closely misses you. The hobgoblin misses you.
The jackal closely misses you.
You hit the jackal. You grab the jackal.
The jackal is severely wounded.
The jackal closely misses you.
You hit the hobgoblin but do no damage.
The hobgoblin is moderately wounded.
You constrict the jackal.
You kill the jackal!
The hobgoblin hits you with a club.
* * * LOW HITPOINT WARNING * * *
The hobgoblin hits you.
* * * LOW HITPOINT WARNING * * *
You hit the hobgoblin but do no damage.
The hobgoblin is moderately wounded.
You constrict the hobgoblin. The hobgoblin barely misses you.
The hobgoblin completely misses you.
You completely miss the hobgoblin. You grab the hobgoblin.
You constrict the hobgoblin. x2
The hobgoblin hits you with a club.
* * * LOW HITPOINT WARNING * * *
The hobgoblin hits you but does no damage.
You hit the hobgoblin.
The hobgoblin is heavily wounded.
You constrict the hobgoblin. x2
You kill the hobgoblin!
The hobgoblin hits you.
You die...

Action                   || total
-------------------------++-------
Melee: Short sword       ||    35
  Use: Scroll            ||     3

Vault maps used:
D:1:      ncdulo_smallfort, nrook_loot_triangle

Notes
Turn   | Place    | Note
--------------------------------------------------------------
     0 | D:1      | RobertPalmer, the Octopode Artificer, began the quest for the Orb.
     0 | D:1      | Reached XP level 1. HP: 13/13 MP: 1/1
   143 | D:1      | Reached skill level 4 in Evocations
   143 | D:1      | Reached XP level 2. HP: 11/18 MP: 3/3
   386 | D:1      | Slain by a hobgoblin

Vanquished Creatures
  A goblin (D:1)
  5 hobgoblins (D:1)
  5 jackals (D:1)
  2 bats (D:1)
  A giant newt (D:1)
  2 rats (D:1)
16 creatures vanquished.
